 Dungeon Crawl Stone Soup version 0.31-a0-744-gbc345e7fcb (webtiles) character file.

Game seed: 16616414296027941210

63538 freelancePsychic the Convoker (level 14, -3/101 HPs)
             Began as a Deep Elf Summoner on Sept 13, 2023.
             Was a High Priest of Sif Muna.
             Slain by a phantasmal warrior (30 damage)
             ... on level 15 of the Dungeon.
             The game lasted 00:54:55 (23791 turns).

freelancePsychic the Convoker (Deep Elf Summoner)  Turns: 23791, Time: 00:54:56

Health: -3/101     AC: 15    Str:  5    XL:     14   Next: 68%
Magic:  19/30      EV: 19    Int: 32    God:    Sif Muna [*****.]
Gold:   550        SH:  0    Dex: 15    Spells: 9/33 levels left

rFire   . . .        (no weapon)
rCold   . . .        (no shield)
rNeg    . . .        C - +0 steam dragon scales
rPois   +            k - +1 helmet
rElec   .            J - +0 cloak {rPois}
rCorr   .            F - +0 pair of gloves
SInv    .            (no boots)
Will    +....        y - amulet of magic regeneration
Stlth   ++           o - +4 ring of protection
HPRegen 0.36/turn    R - +6 ring of intelligence
MPRegen 0.62/turn

%: no passive effects
@: about to teleport, hasted, invisible, very quick
A: iridescent scales 1, robust 1
a: Renounce Religion, Channel Magic, Forget Spell, Divine Exegesis


You were on level 15 of the Dungeon.
You worshipped Sif Muna.
Sif Muna was extremely pleased with you.
You visited 3 branches of the dungeon, and saw 21 of its levels.
You also visited: Bailey and Ice Cave.

You collected 1451 gold pieces.
You spent 901 gold pieces at shops.

Inventory:

Missiles
 c - 3 throwing nets
 B - 12 curare-tipped darts
Armour
 a - a +0 troll leather armour
 k - a +1 helmet (worn)
 C - +0 steam dragon scales (worn)
 F - a +0 pair of gloves (worn)
 J - a +0 cloak of poison resistance (worn)
 T - a +0 buckler
Jewellery
 o - a +4 ring of protection (left hand)
 y - an amulet of magic regeneration (around neck)
 D - a ring of willpower
 E - a ring of flight
 I - an amulet of faith
 R - a +6 ring of intelligence (right hand)
 U - a ring of protection from cold
 X - a ring of protection from fire
Wands
 m - a wand of flame (17)
 v - a wand of digging (12)
 w - a wand of mindburst (7)
 A - a wand of polymorph (7)
 M - a wand of light (5)
 N - a wand of iceblast (7)
 P - a wand of charming (4)
Scrolls
 f - 2 scrolls of vulnerability
 h - 4 scrolls of noise
 n - 3 scrolls of fog
 p - 2 scrolls of amnesia
 q - 4 scrolls of blinking
 r - a scroll of immolation
 s - 3 scrolls of torment
 u - 6 scrolls of enchant weapon
 H - a scroll of revelation
 O - 2 scrolls of fear
 S - a scroll of poison
Potions
 b - 2 potions of magic
 d - 6 potions of attraction
 e - 9 potions of ambrosia
 g - 3 potions of might
 i - 3 potions of lignification
 l - a potion of invisibility
 t - 3 potions of enlightenment {unknown}
 x - a potion of cancellation
 z - 2 potions of resistance {unknown}
 G - 3 potions of mutation
 K - 3 potions of curing {@q1}
 L - a potion of berserk rage
 Q - a potion of haste {@q3}
 W - a potion of brilliance


   Skills:
 + Level 12.4 Fighting
 + Level 12.8 Dodging
 - Level 2.7 Stealth
 - Level 10.0 Spellcasting
 - Level 8.0 Hexes
 - Level 15.0 Summonings
 + Level 4.2 Translocations
 - Level 5.2 Air Magic
 - Level 9.1 Invocations


You had 9 spell levels left.
You knew the following spells:

 Your Spells              Type           Power      Damage    Failure   Level
a - Inner Flame           Hex/Fire       41%        N/A       1%          3
b - Call Imp              Summ           100%       N/A       0%          2
c - Call Canine Familiar  Summ           84%        N/A       1%          3
d - Summon Mana Viper     Hex/Summ       74%        N/A       1%          5
e - Summon Lightning Spi  Summ/Air       69%        N/A       1%          4
h - Monstrous Menagerie   Summ           42%        N/A       5%          7

Your spell library contained the following spells:

 Spells                   Type           Power      Damage    Failure   Level
 Summon Small Mammal      Summ           100%       N/A       0%          1
 Confusing Touch          Hex            61%        N/A       1%          3
 Gell's Gravitas          Tloc           43%        N/A       1%          3
 Summon Guardian Golem    Hex/Summ       74%        N/A       1%          3
 Teleport Other           Tloc           43%        N/A       1%          3
 Tukima's Dance           Hex            61%        N/A       1%          3
 Summon Ice Beast         Ice/Summ       59%        N/A       1%          4
 Cigotuvi's Dreadful Rot  Necr/Pois/Air  54%        N/A       2%          2
 Kiss of Death            Conj/Necr      64%        2d10      3%          1
 Magic Dart               Conj           64%        1d6       3%          1
 Volatile Blastmotes      Fire/Tloc      58%        2d14      3%          3
 Mephitic Cloud           Conj/Pois/Air  27%        N/A       4%          3
 Silence                  Hex/Air        27%        N/A       5%          5
 Fulminant Prism          Conj/Hex       20%        3d12      6%          4
 Iskenderun's Mystic Bla  Conj/Tloc      29%        2d7       13%         4
 Yara's Violent Unravell  Hex/Tmut       20%        3d9       16%         5
 Dispel Undead            Necr           16%        3d10      30%         4
 Dispersal                Tloc           21%        N/A       63%         6
 Enfeeble                 Hex            30%        N/A       67%         7
 Death Channel            Necr           8%         N/A       99%         6
 Leda's Unmaking          Conj/Erth      8%         9d2       99%         6


Dungeon Overview and Level Annotations

Branches:
Dungeon (15/15)            Temple (1/1) D:5            Lair (5/5) D:8
 Shoals (0/4) Lair:3        Snake (0/4) Lair:3        Slime (0/5) Lair:5
    Orc (0/2) D:12         Vaults (0/5) D:13         Depths (0/4) D:15
 Bailey (visited)           IceCv (visited)

Altars:
Ashenzari
Cheibriados
Dithmenos
Elyvilon
Fedhas
Gozag
Hepliaklqana
Kikubaaqudgha
Makhleb
Nemelex Xobeh
Okawaru
Qazlal
Ru
Sif Muna
Trog
Uskayaw
Vehumet
Wu Jian
Xom
Yredelemnul
Zin
The Shining One
Jiyva

Shops:
D:1 [   D:11 *[!:

Portals:
Trove: D:12 (give +7 demon whip)

Annotations:
Lair:5 1 runed translucent door


Innate Abilities, Weirdness & Mutations

You are partially covered in iridescent scales. (AC +2)
You are robust. (+10% HP)


Message History

The phantasmal warrior completely misses you.
Your mana viper closely misses the tengu reaver zombie.
The tengu reaver zombie is engulfed in blazing flames.
Sif Muna accepts your kill.
The tengu reaver zombie explodes!
The fiery explosion engulfs the necromancer!!!
Sif Muna accepts your kill.
The fiery explosion engulfs the meliai!!
You kill the meliai!
Sif Muna accepts your kill.
The fiery explosion engulfs your mana viper!!!
You kill your mana viper!
Your mana viper disappears in a puff of smoke!
A freezing mist starts to gather...
The necromancer explodes!
The fiery explosion engulfs the basilisk!!!
You kill the basilisk!
Sif Muna accepts your kill.
A freezing mist starts to gather...
Your Translocations skill increases to level 4!
A meliai simulacrum and a basilisk simulacrum come into view.
As you read the scroll of teleportation {@r4}, it crumbles to dust.
You feel strangely unstable.
The meliai simulacrum is engulfed in blazing flames.
Your lightning spire shoots out a bolt of lightning at the meliai simulacrum!
The bolt of electricity hits the meliai simulacrum!
The meliai simulacrum vaporises!
The bolt of electricity hits your lightning spire.
Your lightning spire completely resists.
The phantasmal warrior closely misses you.
Your lightning spire shoots out a bolt of lightning at the meliai simulacrum!
The bolt of electricity hits the meliai simulacrum!!
The bolt of electricity hits the phantasmal warrior!!
You hear a shout!
The meliai simulacrum hits your lightning spire but does no damage.
The meliai simulacrum hits your lightning spire!
The meliai simulacrum freezes your lightning spire.
Your lightning spire resists.
The phantasmal warrior hits you!!
You die...

............))#
..........ZZ§§#
.P..8.>.8..8§§#
8........P8§§§#
.P...8...8.°#
...P...Z.#
........#
.8....#W#
....P..@#
......###
######


You could see a phantasmal warrior, a basilisk simulacrum (wandering, unable to
see you), a meliai simulacrum (unable to see you, ally target), a stone giant
zombie (inner flame, unable to see you) and a friendly lightning spire
(summoned).

Vanquished Creatures
  Erica (Lair:2)
  2 skeletal warriors (D:15)
  A nameless horror (Lair:4)
  A tengu zombie (D:15)
  A harpy (Lair:3)
  A necromancer (D:15)
  3 elephants
  Jeremiah (Lair:1)
  A rime drake (Lair:3)
  2 meliai (D:15)
  3 blink frogs (Lair:1)
  A spriggan zombie (D:15)
  3 basilisks
  3 yaks
  4 nagas (Lair:3)
  A water moccasin (Lair:1)
  5 bullfrogs
  6 electric eels
  2 orc priests (D:6)
  An endoplasm (D:1)
  A goblin (D:4)
  A frilled lizard (D:3)
  A rat (D:3)
46 creatures vanquished.

Vanquished Creatures (collateral kills)
  An entropy weaver (D:13)
  A vault guard (D:13)
  A hydra (Lair:5)
  4 centaur warriors
  2 boulder beetles (D:14)
  4 skeletal warriors (D:13)
  2 skysharks (Lair:5)
  3 deep elf pyromancers (D:14)
  25 elephants
  4 manticores
  An elephant (shapeshifter) (D:13)
  5 cyclopes
  Maurice (D:12)
  A black mamba (Lair:3)
  14 cane toads
  8 komodo dragons
  A rime drake (Lair:4)
  2 efreet (D:14)
  A polar bear (Lair:5)
  A meliai (D:15)
  A troll (D:14)
  2 nameless horrors
  A hornet (D:10)
  3 tyrant leeches (Lair:5)
  14 blink frogs
  A slime creature (D:11)
  2 spriggans (Lair:5)
  2 centaur simulacra (D:14)
  2 wraiths
  17 yaks
  A wyvern (Lair:5)
  8 vampire mosquitoes
  2 basilisks
  A warg (D:8)
  An acid dragon (D:12)
  11 water moccasins
  An ice beast (D:6)
  4 orc warriors
  A sky beast (D:8)
  A black bear (Lair:5)
  A centaur (D:11)
  4 wolves
  A phantom (D:5)
  5 kobold brigands (Bailey)
  13 bullfrogs
  A gnoll sergeant (D:9)
  A wight (D:8)
  A tengu zombie (D:15)
  9 killer bees (D:10)
  An electric eel (Lair:3)
  A howler monkey (D:8)
  5 jellies
  6 orc priests
  3 hounds (D:4)
  4 iguanas
  2 sleepcaps
  5 orc wizards
  A wolf simulacrum (IceCv)
  6 gnolls
  2 adders
  A white imp (D:6)
  A worm (D:2)
  A dart slug (D:1)
  28 orcs
  A bat (D:3)
  10 endoplasms
  A giant cockroach (D:4)
  6 goblins
  2 hobgoblins
  4 jackals (D:5)
  6 quokkas
  3 ball pythons (D:4)
  3 frilled lizards
  14 kobolds
  5 rats
316 creatures vanquished.

Vanquished Creatures (others)
  A slime creature (D:12)
  Erolcha (D:12)
  A two-headed ogre (D:10)
  A harpy (Lair:3)
  An elephant (Lair:1)
  Joseph (D:7)
  2 cane toads
  A gargoyle (D:12)
  A komodo dragon (D:12)
  A freezing wraith (IceCv)
  3 trolls
  A queen bee (D:10)
  A hornet (D:8)
  2 wraiths
  A wyvern (Lair:2)
  23 yaks
  3 death yak simulacra (IceCv)
  3 vampire mosquitoes (D:12)
  3 acid dragons
  A naga (Lair:3)
  A warg (D:8)
  8 orc warriors
  2 ice beasts
  An ogre (D:4)
  2 gnoll sergeants
  A bullfrog (D:8)
  A scorpion (D:5)
  A cane toad simulacrum (IceCv)
  3 wights (D:8)
  15 killer bees (D:10)
  An orc priest (D:10)
  A jelly (D:11)
  A sleepcap (D:6)
  2 orc wizards (D:8)
  7 gnolls
  3 orcs
102 creatures vanquished.

Grand Total: 464 creatures vanquished

Notes
Turn   | Place    | Note
-------+----------+-------------------------------------------
     0 | D:1      | freelancePsychic the Deep Elf Summoner began the quest for
                  | the Orb.
     0 | D:1      | Reached XP level 1. HP: 10/10 MP: 6/6
   160 | D:1      | Reached XP level 2. HP: 16/16 MP: 6/8
   163 | D:1      | Learned a level 2 spell: Call Imp
   311 | D:1      | Found a faded altar of an unknown god.
   638 | D:1      | Found Fess's Armour Shop.
   741 | D:1      | Reached skill level 1 in Hexes
   963 | D:2      | Reached skill level 5 in Summonings
   975 | D:2      | Reached XP level 3. HP: 20/20 MP: 6/9
   979 | D:2      | Learned a level 3 spell: Call Canine Familiar
  1065 | D:2      | Reached skill level 1 in Fighting
  1190 | D:2      | Found a hazy altar of Hepliaklqana.
  2144 | D:3      | Found a transporter.
  2162 | D:3      | Found a transporter.
  2393 | D:3      | Reached XP level 4. HP: 10/25 MP: 10/10
  2618 | D:4      | Reached XP level 5. HP: 29/29 MP: 5/12
  2921 | D:4      | Learned a level 3 spell: Summon Guardian Golem
  2991 | D:4      | Noticed an ogre
  3008 | D:4      | Killed an ogre
  3009 | D:4      | Reached skill level 6 in Summonings
  3009 | D:4      | Reached XP level 6. HP: 35/35 MP: 5/14
  3303 | D:4      | Reached skill level 1 in Air Magic
  3519 | D:4      | You fall into a shaft and drop 1 floor!
  3519 | D:5      | Entered Level 5 of the Dungeon
  3989 | D:5      | Found a staircase to the Ecumenical Temple.
  4074 | D:5      | Reached skill level 5 in Spellcasting
  4074 | D:5      | Reached skill level 7 in Summonings
  4074 | D:5      | Reached XP level 7. HP: 40/40 MP: 10/16
  4989 | D:6      | Reached XP level 8. HP: 25/46 MP: 2/18
  5209 | D:6      | Learned a level 4 spell: Summon Lightning Spire
  5277 | D:6      | Reached skill level 8 in Summonings
  6268 | D:7      | Noticed Joseph
  6280 | D:7      | Gained mutation: You are clumsy. (Dex -2) [potion of
                  | mutation]
  6280 | D:7      | Gained mutation: Your magical capacity is low. (-10% MP)
                  | [potion of mutation]
  6280 | D:7      | Gained mutation: Armour fits poorly on your strangely
                  | shaped body. [potion of mutation]
  6280 | D:7      | Gained mutation: You are covered in fur. (AC +1) [potion of
                  | mutation]
  6286 | D:7      | Killed Joseph
  6287 | D:7      | Reached skill level 9 in Summonings
  6459 | D:7      | Reached XP level 9. HP: 16/52 MP: 7/19
  6897 | D:8      | Reached skill level 10 in Summonings
  7057 | D:8      | Reached skill level 5 in Air Magic
  7287 | Temple   | Entered the Ecumenical Temple
  7292 | Temple   | Became a worshipper of Sif Muna the Loreminder
  7404 | D:8      | Found a staircase to the Lair.
  7413 | D:8      | Reached skill level 1 in Invocations
  7429 | D:8      | Reached skill level 5 in Fighting
  8128 | D:9      | Reached * piety under Sif Muna
  8387 | D:9      | Reached XP level 10. HP: 60/60 MP: 14/21
  8394 | D:9      | Reached skill level 5 in Invocations
  8856 | D:10     | Entered Level 10 of the Dungeon
  8873 | D:10     | Found a flagged portal.
  8882 | Bailey   | Entered a bailey
  8991 | Bailey   | Identified the +5 war axe "Galeacrifucs" {freeze, rCorr
                  | Str+4 Dex-2 Stlth+}
  9134 | Bailey   | Found a bloodstained altar of Trog.
  9140 | Bailey   | Identified the +16 plate armour of Fashionability {+Blink
                  | Will+++ Str-2 Stlth-}
  9673 | D:10     | Found a glowing golden altar of the Shining One.
  9673 | D:10     | Found a sacrificial altar of Ru.
  9676 | D:10     | Found a bloodstained altar of Trog.
  9711 | D:10     | Reached ** piety under Sif Muna
  9715 | D:10     | Paralysed by a hornet for 3 turns
  9748 | D:10     | Noticed a two-headed ogre
  9763 | D:10     | Killed a two-headed ogre
  9764 | D:10     | Reached XP level 11. HP: 35/68 MP: 22/22
 10771 | D:11     | Found Istruel's Assorted Antiques.
 11164 | D:1      | Bought +0 steam dragon scales for 400 gold pieces
 11164 | D:1      | Bought a +0 pair of gloves for 45 gold pieces
 11225 | D:1      | Lost mutation: You are covered in fur. (AC +1) [potion of
                  | mutation]
 11225 | D:1      | Lost mutation: You are clumsy. (Dex -2) [potion of
                  | mutation]
 11225 | D:1      | Lost mutation: Armour fits poorly on your strangely shaped
                  | body. [potion of mutation]
 11225 | D:1      | Gained mutation: Your spells are a little easier to cast,
                  | but a little less powerful. [potion of mutation]
 11225 | D:1      | Gained mutation: You are partially covered in iridescent
                  | scales. (AC +2) [potion of mutation]
 11225 | D:1      | Gained mutation: You are robust. (+10% HP) [potion of
                  | mutation]
 11587 | D:11     | Found Gicixt's Distillery.
 11819 | D:11     | Found Efithoi's Armour Shoppe.
 11927 | D:11     | Reached *** piety under Sif Muna
 12093 | D:11     | Found a viscous altar of Jiyva.
 12330 | D:11     | Found Tuocoxe's Book Shop.
 12524 | D:11     | Reached skill level 11 in Summonings
 12553 | D:12     | Found a portal to a secret trove of treasure.
 12634 | D:12     | Reached skill level 5 in Dodging
 12791 | D:12     | Found a frozen archway.
 12818 | IceCv    | Entered an ice cave
 13138 | IceCv    | Lost mutation: Your spells are a little easier to cast, but
                  | a little less powerful. [potion of mutation]
 13138 | IceCv    | Lost mutation: You are partially covered in iridescent
                  | scales. (AC +2) [potion of mutation]
 13138 | IceCv    | Gained mutation: You are partially covered in iridescent
                  | scales. (AC +2) [potion of mutation]
 13138 | IceCv    | Lost mutation: Your magical capacity is low. (-10% MP)
                  | [potion of mutation]
 13197 | D:12     | Noticed Erolcha
 13466 | D:12     | Killed Erolcha
 13467 | D:12     | Reached XP level 12. HP: 59/83 MP: 24/26
 13656 | D:12     | Found a staircase to the Orcish Mines.
 13746 | D:12     | Reached skill level 5 in Hexes
 13885 | D:12     | Noticed Maurice
 13905 | D:12     | Killed Maurice
 14158 | Lair:1   | Entered Level 1 of the Lair of Beasts
 14173 | Lair:1   | Learned a level 3 spell: Inner Flame
 14229 | Lair:1   | Reached **** piety under Sif Muna
 14477 | Lair:1   | Reached skill level 12 in Summonings
 14495 | Lair:1   | Reached skill level 10 in Fighting
 14721 | Lair:1   | Noticed Jeremiah
 14732 | Lair:1   | Killed Jeremiah
 15991 | Lair:2   | Noticed Erica
 16000 | Lair:2   | Killed Erica
 16510 | Lair:3   | Reached XP level 13. HP: 91/91 MP: 22/27
 16640 | Lair:3   | Reached skill level 13 in Summonings
 16718 | Lair:3   | Found a staircase to the Shoals.
 17269 | Lair:3   | Found a staircase to the Snake Pit.
 17630 | D:11     | Bought a book of Beasts for 456 gold pieces
 17636 | D:11     | Learned a level 5 spell: Summon Mana Viper
 17644 | D:11     | Learned a level 7 spell: Monstrous Menagerie
 18083 | Lair:4   | HP: 2/92 [komodo dragon (18)]
 18526 | Lair:4   | Reached skill level 10 in Dodging
 18747 | Lair:4   | You fall into a shaft and drop 1 floor!
 18747 | Lair:5   | Entered Level 5 of the Lair of Beasts
 18988 | Lair:5   | Reached ***** piety under Sif Muna
 19190 | Lair:5   | Reached skill level 10 in Spellcasting
 19257 | Lair:4   | Reached skill level 14 in Summonings
 19446 | Lair:5   | Received a gift from Sif Muna
 19447 | Lair:5   | Reached XP level 14. HP: 87/99 MP: 18/30
 19447 | Lair:5   | Got Sif Muna's Cyclopedia of Maledictive Detritus {god
                  | gift}
 20534 | Lair:5   | Identified the staff "Fedone Xexti" {Fly rF+ Will- rCorr
                  | Int-4 Fire}
 20537 | Lair:5   | Identified the ring of Xom's Entertainment {rN+ rCorr Int+2
                  | Dex-4}
 20593 | Lair:5   | Found a runed translucent door.
 20593 | Lair:5   | Found a viscous altar of Jiyva.
 20594 | Lair:5   | Found a staircase to the Slime Pits.
 21864 | D:13     | Identified the +6 spear of Lies {flame, Int+7}
 21903 | D:13     | Found a gate to the Vaults.
 21919 | D:13     | Reached skill level 15 in Summonings
 22197 | D:14     | Reached skill level 1 in Translocations
 22382 | D:14     | Found an iron altar of Okawaru.
 23384 | D:15     | Entered Level 15 of the Dungeon
 23759 | D:15     | Found a staircase to the Depths.
 23779 | D:15     | Received a gift from Sif Muna
 23791 | D:15     | Slain by a phantasmal warrior

Illustrated notes

Levels and vault maps discovered:
D:1:      matt_arrival_spirals, layout_basic, serial_shops,
          nicolae_diamond_shop, hellmonk_ecumenical_altar_leap_of_faith
D:2:      layout_basic, basic_altar
D:3:      gammafunk_steamed_eel, layout_basic, columned_hall_lemuel
D:4:      layout_basic, minivault_14
D:5:      layout_rooms, minmay_temple_entry_stoned_glass
D:6:      layout_basic, kennysheep_generic_room_3
D:7:      layout_rooms, kennysheep_decorative_pillar, grunt_decor_fettered,
          uniq_joseph
D:8:      layout_basic, erik_lair_orcish_takeover
D:9:      layout_loops_ring
D:10:     layout_basic, minitemple, special_room [special_room_bee],
          enter_bailey_2
D:11:     layout_basic, serial_shops, nicolae_shop_industrial_runoff,
          nicolae_shop_behind_doors, nicolae_shop_rolling_square,
          nicolae_shop_tiny_statue_garden, grunt_ministairs_12,
          minmay_misc_feat_roman, jiyva_altar_1
D:12:     layout_small_grid, orc_0_dummy, nicolae_trove_entry_crystal,
          portal_ice_cave_entry_pillars_2, uniq_erolcha, uniq_maurice
D:13:     layout_stronghold, hellmonk_vaults_order_and_chaos
D:14:     layout_irregular_city, infiniplex_staircase_pool_2, okawaru_trees_2
D:15:     gammafunk_depths_entry_grave, layout_basic, kennysheep_pointless_box
Temple:   hellmonk_temple_of_storms
Lair:1:   layout_layer_cave, tgw_fedhas, grunt_megastairs_4, uniq_jeremiah
Lair:2:   layout_big_grid, serial_bayou_shore_b, uniq_erica
Lair:3:   layout_gridlike, nicolae_shoals_entry_roost,
          minmay_snake_entry_guardpost_medium, bh_autumn_forest_stairs
Lair:4:   layout_regular_city, st_stairs_10, forest_entry_grove
Lair:5:   minmay_lair_end_frog_pond, layout_gridlike, slime_entry_2

Skill      XL: |  1  2  3  4  5  6  7  8  9 10 11 12 13 14 |
---------------+-------------------------------------------+-----
Hexes          | 1 2 3 4 8 |  8.0
Summonings     | 5 6 7 9 10 11 12 14 15 | 15.0
Fighting       | 1 2 3 4 6 8 9 10 11 12 | 12.4
Spellcasting   | 4 5 7 8 10 | 10.0
Air Magic      | 2 3 4 5 |  5.2
Invocations    | 4 8 9 |  9.1
Dodging        | 6 9 11 12 | 12.8
Translocations | 4 |  4.2
Stealth        | |  2.7

Action                     |  1- 3 |  4- 6 |  7- 9 | 10-12 | 13-15 || total
---------------------------+-------+-------+-------+-------+-------++-------
  Melee: Unarmed           |    21 |     9 |     1 |    10 |     2 ||    43
   Cast: Summon Small Mamm |    37 |     8 |    15 |    14 |       ||    74
         Call Imp          |    19 |    14 |    30 |    45 |    40 ||   148
         Call Canine Famil |       |    17 |    32 |    79 |    53 ||   181
         Summon Guardian G |       |     5 |    34 |    97 |     5 ||   141
         Summon Lightning  |       |       |     2 |    25 |    28 ||    55
         Inner Flame       |       |       |       |    14 |    14 ||    28
         Summon Mana Viper |       |       |       |       |    65 ||    65
         Monstrous Menager |       |       |       |       |    46 ||    46
 Invoke: Channel Magic     |       |       |       |       |     1 ||     1
  Evoke: Wand              |     1 |     1 |     7 |     1 |    11 ||    21
    Use: Scroll            |     4 |     1 |    13 |    10 |    13 ||    41
         Potion            |       |       |     3 |     4 |     7 ||    14
   Stab: Sleeping          |     1 |       |       |       |       ||     1
 Armour: Robe              |    22 |    11 |    37 |    53 |       ||   123
         Steam dragon scal |       |       |       |   103 |   208 ||   311
  Dodge: Dodged            |    28 |     8 |    29 |   157 |   235 ||   457

Table legend: (Time is in decaauts)
 A = Elapsed time spent in this place.
 B = Non-inter-level travel time spent in this place.
 C = Inter-level travel time spent in this place.
 D = Time resting spent in this place.
 E = Time spent auto-exploring this place.
 F = Levels seen in this place.
 G = Mean time per level.
                   A        B        C        D        E       F      G
               +--------+--------+--------+--------+--------+-----+--------+
         Total |  23851 |  22052 |   1799 |    594 |  16665 |  23 | 1037.0 |
       Dungeon |  16567 |  15031 |   1536 |    519 |  11219 |  15 | 1104.5 |
        Temple |     10 |      6 |      4 |      0 |      0 |   1 |   10.0 |
          Lair |   6631 |   6374 |    257 |     31 |   5104 |   5 | 1326.2 |
        Bailey |    315 |    315 |      0 |     42 |    155 |   1 |  315.0 |
      Ice Cave |    325 |    325 |      0 |      2 |    186 |   1 |  325.0 |
               +--------+--------+--------+--------+--------+-----+--------+

Top non-repeatable levels by time:
  Lair:5: 1802 daAuts
  Lair:1: 1747 daAuts
    D:10: 1532 daAuts
    D:11: 1418 daAuts
  Lair:4: 1356 daAuts
     D:4: 1259 daAuts
    D:14: 1244 daAuts
     D:9: 1225 daAuts
    D:12: 1208 daAuts
     D:6: 1190 daAuts
    D:13: 1142 daAuts
  Lair:3: 1141 daAuts
     D:7: 1115 daAuts
     D:3: 1072 daAuts
     D:8: 1069 daAuts
